 Dungeon Crawl Stone Soup version 0.31-a0-18-gea43df2a32 (webtiles) character file.

Game seed: 4098612127751326611

744 vineage the Trooper (level 7, -5/58 HPs)
             Began as a Merfolk Fighter on May 11, 2023.
             Slain by Blork the orc
             ... wielding a +2 battleaxe of electrocution
              (11 damage)
             ... on level 6 of the Dungeon.
             The game lasted 00:04:57 (4339 turns).

vineage the Trooper (Merfolk Fighter)               Turns: 4339, Time: 00:04:58

Health: -5/58      AC: 14    Str: 18    XL:     7   Next: 76%
Magic:  7/7        EV:  6    Int:  8    God:
Gold:   462        SH:  6    Dex: 13    Spells: 6/6 levels left

rFire   . . .        a - +0 trident
rCold   . . .        c - +1 buckler
rNeg    . . .        w - +0 plate armour
rPois   .            l - +2 helmet
rElec   .            (no cloak)
rCorr   .            (no gloves)
SInv    .            (no boots)
Will    .....        (no amulet) Stlth
                     (no ring)
HPRegen 0.29/turn    (no ring)
MPRegen 0.10/turn

%: no passive effects
@: mighty
A: (nimble swimmer 2), mertail
a: no special abilities


You were on level 6 of the Dungeon.
You visited 1 branch of the dungeon, and saw 6 of its levels.
You also visited: Ossuary.

You collected 462 gold pieces.

Inventory:

Hand Weapons
 a - a +0 trident (weapon)
Armour
 c - a +1 buckler (worn)
 l - a +2 helmet (worn)
 w - a +0 plate armour (worn)
Scrolls
 b - 2 scrolls of blinking
 e - a scroll of fog
 i - a scroll of magic mapping {unknown}
 m - a scroll of poison
 q - a scroll of enchant armour
 u - 2 scrolls of fear
Potions
 d - a potion of might
 f - 2 potions of resistance {unknown}
 g - 5 potions of attraction
 h - 3 potions of ambrosia
 j - 4 potions of curing
 k - 3 potions of lignification
 n - 2 potions of brilliance {unknown}
 o - 6 potions of mutation {unknown}
 p - 2 potions of heal wounds {unknown}
 r - a potion of berserk rage {unknown}
 s - 2 potions of flight {unknown}
 t - a potion of invisibility


   Skills:
 + Level 6.1 Fighting
 + Level 5.2 Polearms
 + Level 3.3 Armour
 + Level 4.2 Dodging
 + Level 4.4 Shields


You had 6 spell levels left.
You didn't know any spells.
Your spell library contained the following spells:

 Spells                   Type           Power      Damage    Failure   Level
 Ensorcelled Hibernation  Hex/Ice        0%         N/A       100%        2
 Passwall                 Tmut/Erth      0%         N/A       100%        2
 Swiftness                Air            0%         N/A       100%        3


Dungeon Overview and Level Annotations

Branches:
Dungeon (7/15)            Ossuary (visited)
 Temple: D:4-7

Altars:
Ashenzari

Shops:
D:1 !

Annotations:
D:6 Blork the orc


Innate Abilities, Weirdness & Mutations

((You are very nimble when in or above water. (Stealth+, EV+, Speed+++)))
Your lower body shifts to a powerful aquatic tail in water.


Message History

Blork the orc shouts!
You hear an angry hiss.
You hear a shout!
An iguana comes into view.
The sleepcap moves out of view.
Okay, then.
You reach to attack!
You hit Blork the orc.
Blork the orc is lightly wounded.
You hit Blork the orc.
Blork the orc is lightly wounded.
Blork the orc gestures wildly while chanting.
Blork the orc seems to speed up.
You hit Blork the orc.
Blork the orc is moderately wounded.
Blork the orc barely misses you.
Blork the orc gestures at you while chanting.
The magic dart hits you but does no damage.
You hit Blork the orc.
Blork the orc is moderately wounded.
Blork the orc gestures at you while chanting.
The puff of frost hits you but does no damage.
You barely miss Blork the orc.
Blork the orc is moderately wounded.
Blork the orc screams, "I'm going to kill you!"
Blork the orc hits you with a +2 battleaxe of electrocution.
You are electrocuted!!
You block Blork the orc's attack.
You barely miss Blork the orc.
Blork the orc is moderately wounded.
Blork the orc hits you with a +2 battleaxe of electrocution. x2
You hit Blork the orc.
Blork the orc is heavily wounded.
You block Blork the orc's attack.
You puncture Blork the orc!
Blork the orc is severely wounded.
Blork the orc hits you with a +2 battleaxe of electrocution!
Blork the orc screams, "I'll decorate my home with your organs!"
Blork the orc hits you with a +2 battleaxe of electrocution.
You are electrocuted!
* * * LOW HITPOINT WARNING * * *
You feel very mighty all of a sudden.
Blork the orc hits you with a +2 battleaxe of electrocution!
You die...

# .# ####.l# #...# #l#.# #o#.#
#@#.# #.#.# #.#.#
#####.#.#############
#.....#.#...........#
############.#####.#.#########.#
.......................# #.#
.#####...#...#...#...#.# #.#
.............#.#.#...#.#######.#


You could see Blork the orc (fast) and an iguana.

Vanquished Creatures
  Sigmund (D:2)
  A phantom (D:4)
  A bullfrog (D:4)
  A scorpion (D:4)
  A hound (D:4)
  A sleepcap (D:4)
  The ghost of WhatIsLove the Trooper, a weakling HOMo (D:4)
  8 mummies (Ossuary)
  7 gnolls
  9 adders
  3 worms
  4 orcs (D:4)
  6 ball pythons
  7 bats
  8 endoplasms
  3 giant cockroaches
  A gnoll zombie (Ossuary)
  5 goblins
  5 hobgoblins
  A frilled lizard (D:1)
  3 hobgoblin zombies (Ossuary)
  5 kobolds
  A kobold zombie (Ossuary)
  3 orc zombies (Ossuary)
  7 rats
93 creatures vanquished.

Notes
Turn   | Place    | Note
-------+----------+-------------------------------------------
     0 | D:1      | vineage the Merfolk Fighter began the quest for the Orb.
     0 | D:1      | Reached XP level 1. HP: 18/18 MP: 1/1
    46 | D:1      | Reached XP level 2. HP: 25/25 MP: 2/2
    92 | D:1      | Reached skill level 4 in Fighting
   304 | D:1      | Found Cacinnoosk's Distillery.
   407 | D:1      | Found a faded altar of an unknown god.
   588 | D:2      | Reached XP level 3. HP: 14/31 MP: 3/3
   902 | D:2      | Found a broken altar of Ashenzari.
  1261 | D:1      | Reached XP level 4. HP: 12/38 MP: 4/4
  1266 | D:1      | Reached skill level 5 in Fighting
  1505 | D:1      | Reached skill level 1 in Dodging
  1746 | D:2      | Noticed Sigmund
  2017 | D:2      | Reached XP level 5. HP: 37/44 MP: 5/5
  2287 | D:2      | Killed Sigmund
  2288 | D:2      | Reached XP level 6. HP: 51/51 MP: 6/6
  3023 | D:4      | Found a sand-covered staircase.
  3028 | Ossuary  | Entered an ossuary
  3635 | D:4      | Reached XP level 7. HP: 42/57 MP: 7/7
  3951 | D:4      | Reached skill level 6 in Fighting
  3992 | D:4      | Reached skill level 5 in Polearms
  4107 | D:4      | Found a runed translucent door.
  4113 | D:4      | Noticed WhatIsLove's ghost (weakling HOMo)
  4169 | D:4      | Killed WhatIsLove's ghost
  4211 | D:4      | You fall into a shaft and drop 3 floors!
  4328 | D:6      | Noticed Blork the orc
  4339 | D:6      | Slain by Blork the orc

Illustrated notes

Levels and vault maps discovered:
D:1:      heliophobic_arrival_henge, layout_rooms,
          shapermc_ecumenical_altar_pompeii, serial_shops,
          nicolae_shop_tiny_real_fake_doors,
          hangedman_abyss_or_decor_lesser_grid
D:2:      kennysheep_big_flooded_room, layout_basic, basic_altar, uniq_sigmund
D:3:      layout_basic
D:4:      layout_cave_pools, ebering_ghost_sewer_d, enter_ossuary_2,
          lightli_minifort
D:6:      layout_basic, trog_ov_bears_minmay, temple_pool_b,
          minmay_hollow_rounded_squares, uniq_blork_the_orc, uniq_prince_ribbit1
D:7:      cheibrodos_two_vegetables, layout_loops_ring, enter_bailey_4

Skill      XL: |  1  2  3  4  5  6  7 |
---------------+----------------------+-----
Fighting       | 4 5 6 |  6.1
Polearms       | 3 4 5 |  5.2
Dodging        | 1 2 3 4 |  4.2
Armour         | 3 |  3.3
Shields        | 4 |  4.4

Action                     |  1- 3 |  4- 6 |  7- 9 || total
---------------------------+-------+-------+-------++-------
  Melee: Trident           |    77 |   214 |   122 ||   413
    Use: Potion            |     1 |     5 |     1 ||     7
         Scroll            |       |    11 |     3 ||    14
 Armour: Scale mail        |    31 |    68 |     2 ||   101
         Skin              |       |     7 |       ||     7
         Plate armour      |       |       |    54 ||    54
  Dodge: Dodged            |    25 |    59 |    31 ||   115
  Block: Buckler           |    12 |    29 |    43 ||    84

Table legend: (Time is in decaauts)
 A = Elapsed time spent in this place.
 B = Non-inter-level travel time spent in this place.
 C = Inter-level travel time spent in this place.
 D = Time resting spent in this place.
 E = Time spent auto-exploring this place.
 F = Levels seen in this place.
 G = Mean time per level.
                   A        B        C        D        E       F      G
               +--------+--------+--------+--------+--------+-----+--------+
         Total |   4396 |   4271 |    125 |   1079 |   2320 |   7 |  628.0 |
       Dungeon |   3820 |   3695 |    125 |    992 |   2014 |   6 |  636.7 |
       Ossuary |    575 |    575 |      0 |     87 |    306 |   1 |  575.0 |
               +--------+--------+--------+--------+--------+-----+--------+

Top non-repeatable levels by time:
     D:1: 1342 daAuts
     D:2: 1030 daAuts
     D:4: 660 daAuts
     D:3: 659 daAuts
 Ossuary: 575 daAuts
     D:6: 119 daAuts
     D:7: 8 daAuts
